 Dungeon Crawl Stone Soup version 0.31.0-11-ge490571c62 (webtiles) character file.

Game seed: 15431356445825372995

1057 Skitler the Slasher (level 8, -1/93 HPs)
             Began as a Demonspawn Gladiator on Jan 28, 2024.
             Succumbed to a gnoll sergeant's poison
             ... on level 5 of the Dungeon.
             The game lasted 00:12:48 (3912 turns).

Skitler the Slasher (Demonspawn Gladiator)          Turns: 3912, Time: 00:12:48

Health: -1/93      AC:  8    Str: 18    XL:     8   Next: 6%
Magic:  8/8        EV: 16    Int: 12    God:
Gold:   29         SH:  4    Dex: 14    Spells: 7/7 levels left

rFire   . . .        A - +0 great sword
rCold   . . .        (shield currently unavailable)
rNeg    + . .        y - +0 scale mail
rPois   .            c - +0 helmet
rElec   .            m - scarf {repulsion}
rCorr   .            t - +0 pair of gloves
SInv    .            (no boots)
Will    .....        l - amulet "Guschul" {Acrobat +Inv rN+ Str+2 Int+2} Stlth
                     k - +5 ring of evasion
HPRegen 0.35/turn    s - ring of flight
MPRegen 0.11/turn

%: repel missiles, acrobat
@: berserking, lethally poisoned (-1 -> -22), flying, very quick
A: hooves 2, large bone plates 1, spiny 1
a: Evoke Invisibility


You were on level 5 of the Dungeon.
You visited 1 branch of the dungeon, and saw 5 of its levels.

You collected 209 gold pieces.
You spent 180 gold pieces at shops.

Inventory:

Hand Weapons
 a - a +0 long sword
 A - a +0 great sword (weapon)
Missiles
 e - a javelin
 x - a throwing net (quivered)
Armour
 b - a +0 leather armour
 c - a +0 helmet (worn)
 m - a scarf of repulsion (worn)
 t - a +0 pair of gloves (worn)
 y - a +0 scale mail (worn)
 B - the +0 buckler of Fedhas's Esteem {Int+5}
   (You bought it in a shop on level 5 of the Dungeon)

   Int+5:     It affects your intelligence (+5).
Jewellery
 k - a +5 ring of evasion (left hand)
 l - the amulet "Guschul" (around neck) {Acrobat +Inv rN+ Str+2 Int+2}
   (You found it on level 2 of the Dungeon)

   [amulet of the acrobat]

   Acrobat:   It increases your evasion while moving and waiting.
   Str+2:     It affects your strength (+2).
   Int+2:     It affects your intelligence (+2).
   rN+:       It protects you from negative energy.
   +Inv:      It lets you turn invisible.
 s - a ring of flight (right hand)
Scrolls
 d - a scroll of enchant armour {unknown}
 f - a scroll of immolation {unknown}
 h - 3 scrolls of identify
 i - a scroll of brand weapon {unknown}
 j - 3 scrolls of fog {unknown}
 n - a scroll of revelation {unknown}
 o - a scroll of noise {unknown}
 q - a scroll of blinking {unknown}
 u - a scroll of teleportation {unknown}
 z - a scroll of enchant weapon {unknown}
Potions
 g - a potion of lignification
 p - a potion of invisibility
 r - a potion of degeneration
 v - a potion of might {unknown}
 w - a potion of enlightenment {unknown}


   Skills:
 * Level 5.0 Fighting
 * Level 6.6 Long Blades
 - Level 2.2 Throwing
 - Level 0.1 Armour
 + Level 4.5 Dodging
 - Level 0.2 Stealth
 + Level 1.6 Shields


You had 7 spell levels left.
You didn't know any spells.
Your spell library contained the following spells:

 Spells                   Type           Power      Damage    Failure   Level
 Cigotuvi's Dreadful Rot  Necr/Alch/Air  0%         N/A       86%         2
 Dispel Undead            Necr           0%         3d6       100%        4
 Martyr's Knell           Necr/Summ      0%         N/A       100%        4
 Death Channel            Necr           0%         N/A       100%        6


Dungeon Overview and Level Annotations

Branches:
Dungeon (5/15)
 Temple: D:4-7

Altars:
Dithmenos
Uskayaw
Wu Jian

Shops:
D:3 =   D:5 [

Portals:
Abyss: D:3

Annotations:
D:3 2 transporters, Biggs's ghost, amateur OpSh


Innate Abilities, Weirdness & Mutations

You have hoof-like feet.
You are partially covered in large bone plates. (SH +4)
You are partially covered in sharp spines.


Message History

You are more poisoned.
The howler monkey is struck by your spines.
The howler monkey completely misses you.
You closely miss the howler monkey. You kick the howler monkey.
You kill the howler monkey!
You feel very sick. The gnoll sergeant closely misses you.
The gnoll sergeant hits you from afar with a +2 trident of venom.
You are more poisoned.
Your Fighting skill increases to level 5!
You feel very sick. The gnoll sergeant barely misses you.
You see here a +0 whip.
The gnoll sergeant blocks your attack.
You feel very sick.
The gnoll sergeant hits you with a +2 trident of venom.
You are more poisoned.
You hit the gnoll sergeant.
You kick the gnoll sergeant, but do no damage.
The gnoll sergeant is lightly wounded.
You feel very sick. You block the gnoll sergeant's attack.
The gnoll sergeant barely misses you.
You barely miss the gnoll sergeant. You kick the gnoll sergeant.
The gnoll sergeant is moderately wounded.
You feel very sick.
The gnoll sergeant hits you with a +2 trident of venom!
* * * LOW HITPOINT WARNING * * *
You are more poisoned.
Unknown command.
It was a potion of berserk rage.
A red film seems to cover your vision as you go berserk!
You feel yourself moving faster!
You feel mighty!
* * * LOW HITPOINT WARNING * * *
You feel very sick.
The gnoll sergeant hits you with a +2 trident of venom.
* * * LOW HITPOINT WARNING * * *
You are more poisoned.
The gnoll sergeant blocks your attack.
Your kick misses the gnoll sergeant.
The gnoll sergeant is moderately wounded.
You die...

#.........>........
#.........#########
#........## .
.........# .#
........## ..#
..#.....### ..#
###.....########...#
##........))....#
#.........@g...#
.................##
.....................
......................
####....####..........
##.... ####...####
#.... #..# #... ..#


You could see a gnoll sergeant.

Vanquished Creatures
  Pikel (D:4)
  Menkaure (D:4)
  A black bear (D:4)
  An ogre (D:4)
  A howler monkey (D:5)
  2 hounds (D:4)
  2 iguanas (D:4)
  7 adders
  3 gnolls (D:5)
  2 ufetubi (D:5)
  3 dart slugs (D:2)
  2 ribbon worms
  4 orcs
  A ball python (D:4)
  9 endoplasms
  5 giant cockroaches
  A goblin (D:2)
  6 hobgoblins
  3 jackals (D:3)
  3 quokkas
  5 bats
  6 frilled lizards
  9 kobolds
  3 rats
81 creatures vanquished.

Notes
Turn   | Place    | Note
-------+----------+-------------------------------------------
     0 | D:1      | Skitler the Demonspawn Gladiator began the quest for the
                  | Orb.
     0 | D:1      | Reached XP level 1. HP: 16/16 MP: 1/1
   304 | D:1      | Reached skill level 3 in Long Blades
   314 | D:1      | Gained mutation: You are partially covered in sharp spines.
                  | [demonic ancestry]
   314 | D:1      | Reached XP level 2. HP: 14/22 MP: 2/2
   864 | D:1      | Found a faded altar of an unknown god.
  1108 | D:2      | Identified the amulet "Guschul" {Acrobat +Inv rN+ Str+2
                  | Int+2}
  1163 | D:2      | Gained mutation: You are partially covered in large bone
                  | plates. (SH +4) [demonic ancestry]
  1163 | D:2      | Reached XP level 3. HP: 27/27 MP: 3/3
  1556 | D:2      | You are sucked into a shaft and drop 2 floors!
  1566 | D:4      | Noticed a +0 hand axe
  1566 | D:4      | Noticed a +0 dagger
  1569 | D:4      | Found a hide-covered altar of Uskayaw.
  1609 | D:4      | Reached skill level 4 in Long Blades
  1609 | D:4      | Gained mutation: You have large cloven feet. [demonic
                  | ancestry]
  1609 | D:4      | Reached XP level 4. HP: 34/34 MP: 4/4
  1830 | D:4      | Noticed Pikel
  1830 | D:4      | Noticed a lemure
  1830 | D:4      | Noticed a lemure
  1830 | D:4      | Noticed a lemure
  1830 | D:4      | Noticed a lemure
  1917 | D:3      | Noticed a small abomination
  1947 | D:3      | Reached XP level 5. HP: 34/39 MP: 5/5
  1980 | D:3      | Found a shadowy altar of Dithmenos.
  2113 | D:3      | Found Geamocou's One-of-a-Kind Rings.
  2207 | D:3      | Found a transporter.
  2215 | D:3      | Found a transporter.
  2225 | D:3      | Found a one-way gate to the infinite horrors of the Abyss.
  2225 | D:3      | Noticed Biggs's ghost (amateur OpSh)
  2794 | D:4      | Noticed a black bear
  2809 | D:4      | Killed a black bear
  2810 | D:4      | Reached XP level 6. HP: 35/47 MP: 6/6
  2861 | D:4      | Noticed Menkaure
  2879 | D:4      | Killed Menkaure
  2880 | D:4      | Reached skill level 5 in Long Blades
  3086 | D:4      | Reached skill level 1 in Shields
  3126 | D:4      | Found an ornate altar of the Wu Jian Council.
  3173 | D:4      | Reached XP level 7. HP: 39/54 MP: 7/7
  3560 | D:4      | Killed Pikel
  3561 | D:4      | Reached skill level 6 in Long Blades
  3806 | D:5      | Entered Level 5 of the Dungeon
  3840 | D:5      | Found Ynnus's Antique Armour Shoppe.
  3847 | D:5      | Bought a translucent buckler for 180 gold pieces
  3847 | D:5      | Identified the +0 buckler of Fedhas's Esteem {Int+5} (You
                  | bought it in a shop on level 5 of the Dungeon)
  3903 | D:5      | Gained mutation: You have hoof-like feet. [demonic
                  | ancestry]
  3903 | D:5      | Reached XP level 8. HP: 59/61 MP: 8/8
  3907 | D:5      | Reached skill level 5 in Fighting
  3911 | D:5      | HP: 3/93 [gnoll sergeant/+2 trident of venom (3)]
  3912 | D:5      | Succumbed to a gnoll sergeant's poison

Illustrated notes

Levels and vault maps discovered:
D:1:      co_arrival_square_in_a_square_in_a_square, layout_basic,
          serial_forest, infiniplex_forest_end_1,
          infiniplex_forest_clump_curved, infiniplex_forest_lined_ring,
          infiniplex_forest_lined_1, infiniplex_forest_clump_small,
          infiniplex_forest_straight_2, infiniplex_forest_straight_4,
          infiniplex_forest_clump_small, chequers_ecumenical_altar_twisty
D:2:      layout_loops_ring
D:3:      layout_loops_cross, jmf_multi_god_temple,
          gammafunk_ghost_abyssal_escape, nicolae_shop_unique_rings
D:4:      layout_loops_corners, dancing_weapons_uskayaw,
          mainiacjoe_overflow_paths, minmay_distorted, uniq_menkaure, uniq_pikel
D:5:      layout_layer_cave, mainiacjoe_overflow_surrounded_room, serial_shops,
          shop, nicolae_shop_crystal, minmay_shop_damaged,
          minmay_tree_intersection

Skill      XL: |  1  2  3  4  5  6  7  8 |
---------------+-------------------------+-----
Long Blades    | 3 4 5 6 |  6.6
Throwing       | 2 |  2.2
Dodging        | 3 4 |  4.5
Fighting       | 3 4 5 |  5.0
Shields        | 1 |  1.6
Armour         | |  0.1
Stealth        | |  0.2

Action                     |  1- 3 |  4- 6 |  7- 9 || total
---------------------------+-------+-------+-------++-------
  Melee: Long sword        |    76 |    77 |    31 ||   184
         Punch             |     1 |     1 |       ||     2
         Kick              |       |    18 |    14 ||    32
         Great sword       |       |       |     9 ||     9
  Throw: Throwing net      |     4 |     2 |       ||     6
    Use: Scroll            |       |     3 |       ||     3
         Potion            |       |     1 |     1 ||     2
   Stab: Sleeping          |     1 |     3 |       ||     4
         Invisible         |       |     1 |       ||     1
 Armour: Leather armour    |    22 |    27 |     7 ||    56
         Scale mail        |       |       |     7 ||     7
  Dodge: Dodged            |    51 |    92 |    40 ||   183
  Block: Other             |     8 |    19 |     6 ||    33
